 Dungeon Crawl Stone Soup version 0.30-a0-793-g160f7cfddd (webtiles) character file.

Game seed: 14047686516504861372

77 Farfigtubin the Sneak (level 4, -2/28 HPs)
             Began as a Kobold Brigand on Feb 19, 2023.
             Killed by divine providence
             ... invoked by an orc priest
              (11 damage)
             ... on level 6 of the Dungeon.
             The game lasted 00:05:12 (569 turns).

Farfigtubin the Sneak (Kobold Brigand)               Turns: 569, Time: 00:05:12

Health: -2/28      AC:  3    Str:  8    XL:     4   Next: 60%
Magic:  4/4        EV: 15    Int: 12    God:
Gold:   81         SH:  0    Dex: 18    Spells: 3/3 levels left

rFire   . . .      SeeInvis .    a - +2 dagger
rCold   . . .      Faith    .    (no shield)
rNeg    . . .      Spirit   .    b - +0 robe
rPois   .          Reflect  .    (no helmet)
rElec   .          Harm     .    g - scarf {shadows}
rCorr   .          Rampage  .    (no gloves)
Will    +....                    q - +0 pair of boots
Stlth   ++++                     (no amulet)
HPRegen 0.24/turn                l - ring of willpower
MPRegen 0.09/turn                (no ring)

@: no status effects
A: small, no large weapons, nightstalker 3
a: no special abilities


You were on level 6 of the Dungeon.
You visited 1 branch of the dungeon, and saw 6 of its levels.

You collected 81 gold pieces.

Inventory:

Hand Weapons
 a - a +2 dagger (weapon)
Missiles
 d - 9 poisoned darts (quivered)
 e - 3 curare-tipped darts
 h - 9 stones
Armour
 b - a +0 robe (worn)
 c - a +0 cloak
 g - a scarf of shadows (worn)
 q - a +0 pair of boots (worn)
Jewellery
 l - a ring of willpower (left hand)
Scrolls
 k - a scroll of immolation {unknown}
 m - 2 scrolls of amnesia {unknown}
 p - 2 scrolls of magic mapping {unknown}
Potions
 f - a potion of mutation {unknown}
 i - a potion of brilliance {unknown}
 j - a potion of attraction {unknown}
 n - a potion of flight {unknown}
 o - a potion of curing {unknown}
 r - a potion of magic {unknown}


   Skills:
 + Level 3.0 Fighting
 + Level 3.6 Short Blades
 - Level 2.6 Throwing
 - Level 2.0 Dodging
 * Level 6.2 Stealth


You had 3 spell levels left.
You didn't know any spells.
Your spell library was empty.

Dungeon Overview and Level Annotations

Branches:
Dungeon (6/15)
 Temple: D:4-7

Altars:
Makhleb


Innate Abilities, Weirdness & Mutations

You are small and have problems with some larger weapons.
You are completely attuned to the shadows.


Message History

You hit the howler monkey.
The howler monkey is severely wounded.
The howler monkey hoots and howls with incredible vigour!
You hear a shout! x5; You hear an angry hiss.
You barely miss the howler monkey.
The howler monkey is severely wounded.
The howler monkey hits you.
The orc priest calls down the wrath of Beogh upon you.
Beogh smites you!
You hear a shout!
You closely miss the howler monkey.
The howler monkey is severely wounded.
The howler monkey hits you but does no damage.
You hit the howler monkey.
The howler monkey is almost dead.
An orc comes into view. It is wielding a +0 short sword.
The howler monkey barely misses you.
You hit the howler monkey.
You kill the howler monkey!
The orc priest barely misses you.
Your Fighting skill increases to level 3!
Your Stealth skill increases to level 6!
You have reached level 4!
You barely miss the orc priest. The orc priest barely misses you.
An orc comes into view. It is wielding a +0 short sword.
You hit the orc priest.
The orc priest is moderately wounded.
The orc barely misses you. The orc priest hits you with a +0 club.
You hit the orc priest.
The orc priest is heavily wounded.
You hit the orc priest.
The orc priest is severely wounded.
The orc priest misses you.
You hit the orc priest.
The orc priest is almost dead.
The orc hits you with a +0 short sword. x2
The orc hits you with a +0 short sword.
The orc priest calls down the wrath of Beogh upon you.
Beogh smites you!
You die...

##.#.#######.#
######.#..)......#
#......###########
#......# #......#
#......# #......#
#..o.o.. #..o@..#
......+ ......#
#.#####


You could see an orc priest and 2 orcs.

Vanquished Creatures
  A howler monkey (D:6)
  An iguana (D:4)
  3 orcs (D:6)
  2 endoplasms
  3 jackals (D:4)
  A kobold (D:2)
  A rat (D:3)
12 creatures vanquished.

Notes
Turn   | Place    | Note
-------+----------+-------------------------------------------
     0 | D:1      | Farfigtubin the Kobold Brigand began the quest for the Orb.
     0 | D:1      | Reached XP level 1. HP: 12/12 MP: 1/1
    52 | D:2      | Found a faded altar of an unknown god.
    77 | D:2      | Found a burning altar of Makhleb.
   163 | D:5      | Entered Level 5 of the Dungeon
   296 | D:4      | Reached XP level 2. HP: 11/18 MP: 2/2
   371 | D:4      | Reached XP level 3. HP: 22/22 MP: 3/3
   564 | D:6      | Reached skill level 6 in Stealth
   564 | D:6      | Reached XP level 4. HP: 14/28 MP: 4/4
   569 | D:6      | Killed from afar by an orc priest

Illustrated notes

Levels and vault maps discovered:
D:1:      erik_arrival_triangle_small, layout_basic
D:2:      layout_loops_ring, shapermc_ecumenical_altar_starsandcircs,
          basic_altar, minmay_misc_feat_columns
D:3:      layout_rooms, mainiacjoe_overflow_cross_hatched,
          kennysheep_slug_shrine, hellmonk_ghost_happy_afterlife,
          chequers_serial_rivers_micro_d
D:4:      layout_loops_cross, grunt_ministairs_6, minmay_increasing_density
D:5:      layout_cave_pools, mainiacjoe_overflow_surrounded_room,
          nemelex_xobeh_ov_fountains_minmay, serial_column_ruins,
          column_ruins_temple_circle, column_ruins_columns_corner,
          column_ruins_corridor_straight, column_ruins_open_large,
          column_ruins_columns_straight
D:6:      layout_basic, grunt_dithmenos_shadows, serial_shops,
          nicolae_shop_advertising_works [nicolae_subvault_shop_adworks]

Skill      XL: |  1  2  3 |
---------------+----------+-----
Short Blades   | 3 |  3.6
Dodging        | 2 |  2.0
Fighting       | 3 |  3.0
Stealth        | 6 |  6.2
Throwing       | |  2.6

Action                     |  1- 3 |  4- 6 || total
---------------------------+-------+-------++-------
  Melee: Dagger            |    45 |     5 ||    50
         Punch             |     1 |       ||     1
   Stab: Sleeping          |     4 |       ||     4
 Armour: Robe              |    10 |       ||    10
  Dodge: Dodged            |    32 |     3 ||    35

Table legend: (Time is in decaauts)
 A = Elapsed time spent in this place.
 B = Non-inter-level travel time spent in this place.
 C = Inter-level travel time spent in this place.
 D = Time resting spent in this place.
 E = Time spent auto-exploring this place.
 F = Levels seen in this place.
 G = Mean time per level.
                   A        B        C        D        E       F      G
               +--------+--------+--------+--------+--------+-----+--------+
         Total |    559 |    559 |      0 |     25 |      0 |   6 |   93.2 |
       Dungeon |    559 |    559 |      0 |     25 |      0 |   6 |   93.2 |
               +--------+--------+--------+--------+--------+-----+--------+

Top non-repeatable levels by time:
     D:5: 201 daAuts
     D:4: 124 daAuts
     D:2: 92 daAuts
     D:6: 84 daAuts
     D:3: 37 daAuts
     D:1: 19 daAuts
